2713 views
Uploaded 2021-09-18 13:51:55
Game version 1.32.10
14:17 long 4on4 ladder game on (8)TwilightRuins_LV
Saved by lowlyworm
2713 views
Uploaded 2021-09-18 13:51:55
Game version 1.32.10
14:17 long 4on4 ladder game on (8)TwilightRuins_LV


112 units @ 14.4k
/ 1.9k
64 buildings @ 9.3k
/ 4.3k

| Rod of Necromancy | 1 | 150 |
| Sacrificial Skull | 1 | 50 |
| total: | 2 | 200g |
| Acolyte | 7 | 525 | / | 0 |
| Ghoul | 7 | 840 | / | 0 |
| Meat Wagon | 4 | 920 | / | 200 |
| Necromancer | 7 | 1015 | / | 140 |
| Obsidian Statue | 2 | 400 | / | 70 |
| Goblin Shredder | 1 | 375 | / | 100 |
| Rifleman | 2 | 410 | / | 60 |
| Peasant | 2 | 150 | / | 0 |
| Flying Machine | 1 | 100 | / | 30 |
| total: | 33 | 4735g | / | 600w |
| Nerubian Tower | 1 | 100 | / | 20 |
| Crypt | 1 | 200 | / | 50 |
| Altar of Darkness | 1 | 180 | / | 50 |
| Ziggurat | 5 | 750 | / | 250 |
| Necropolis | 1 | 225 | / | 0 |
| Tomb of Relics | 1 | 130 | / | 30 |
| Graveyard | 1 | 215 | / | 0 |
| Temple of the Damned | 2 | 310 | / | 280 |
| Slaughterhouse | 2 | 280 | / | 270 |
| Halls of the Dead | 2 | 640 | / | 420 |
| Black Citadel | 1 | 325 | / | 230 |
| Barracks | 1 | 160 | / | 60 |
| Workshop | 2 | 280 | / | 280 |
| total: | 17 | 2730g | / | 1270w |
| 0:06 | Acolyte |
| 0:06 | Acolyte |
| 0:12 | Crypt |
| 0:17 | Altar of Darkness |
| 0:39 | Ziggurat |
| 1:10 | Necropolis |
| 1:21 | Tomb of Relics |
| 1:33 | Ghoul |
| 1:33 | Ghoul |
| 1:44 | Ghoul |
| 1:55 | Ghoul |
| 2:10 | Ghoul |
| 2:28 | Rod of Necromancy |
| 2:29 | Sacrificial Skull |
| 2:34 | Sleep |
| 2:40 | Ghoul |
| 2:53 | Acolyte |
| 3:23 | Ziggurat |
| 3:52 | Carrion Swarm |
| 4:13 | Acolyte |
| 4:13 | Acolyte |
| 4:16 | Acolyte |
| 4:17 | Acolyte |
| 4:20 | Nerubian Tower |
| 4:22 | Ghoul |
| 4:47 | Halls of the Dead |
| 5:02 | Graveyard |
| 5:27 | Ziggurat |
| 5:29 | Ziggurat |
| 5:31 | Ziggurat |
| 6:16 | Carrion Swarm |
| 6:39 | Unholy Strength |
| 6:50 | Goblin Shredder |
| 7:11 | Black Citadel |
| 7:15 | Temple of the Damned |
| 7:18 | Slaughterhouse |
| 7:54 | Temple of the Damned |
| 8:30 | Meat Wagon |
| 8:32 | Exhume Corpses |
| 8:34 | Skeletal Mastery |
| 8:39 | Slaughterhouse |
| 8:42 | Improved Unholy Strength |
| 8:55 | Necromancer Adept Training |
| 9:18 | Necromancer |
| 9:28 | Sleep |
| 9:30 | Rifleman |
| 9:30 | Rifleman |
| 9:32 | Long Rifles |
| 9:35 | Barracks |
| 9:40 | Workshop |
| 9:41 | Workshop |
| 9:44 | Black Gunpowder |
| 9:48 | Peasant |
| 9:48 | Peasant |
| 9:58 | Necromancer Master Training |
| 9:59 | Necromancer |
| 10:01 | Meat Wagon |
| 10:03 | Obsidian Statue |
| 10:03 | Obsidian Statue |
| 10:03 | Disease Cloud |
| 10:07 | Meat Wagon |
| 10:09 | Advanced Unholy Strength |
| 10:11 | Necromancer |
| 10:11 | Necromancer |
| 11:13 | Meat Wagon |
| 11:15 | Necromancer |
| 11:15 | Necromancer |
| 11:15 | Necromancer |
| 11:47 | Carrion Swarm |
| 12:07 | Flak Cannons |
| 12:08 | Flying Machine |
| Right click | 332 |
| Select | 207 |
| Build/train/purchase | 78 |
| Select group | 42 |
| Use ability | 18 |
| Resource trade | 15 |
| Assign group | 14 |
| Misc. action | 5 |
| Remove unit | 1 |
| Minimap ping | 1 |


| Scroll of Town Portal | 1 | 350 |
| Scroll of Healing | 1 | 250 |
| Scroll of Protection | 1 | 150 |
| total: | 3 | 750g |
| Wisp | 21 | 1260 | / | 0 |
| Archer | 11 | 1430 | / | 110 |
| Dryad | 3 | 435 | / | 180 |
| Peasant | 4 | 300 | / | 0 |
| total: | 39 | 3425g | / | 290w |
| Ancient Protector | 2 | 270 | / | 160 |
| Altar of Elders | 1 | 180 | / | 50 |
| Moon Well | 3 | 540 | / | 120 |
| Ancient of War | 2 | 300 | / | 120 |
| Hunter's Hall | 1 | 210 | / | 100 |
| Tree of Life | 1 | 340 | / | 185 |
| Ancient of Lore | 2 | 310 | / | 290 |
| Tree of Ages | 1 | 320 | / | 180 |
| Tree of Eternity | 2 | 660 | / | 400 |
| total: | 12 | 2150g | / | 1025w |
| 0:02 | Wisp |
| 0:07 | Altar of Elders |
| 0:10 | Wisp |
| 0:19 | Moon Well |
| 0:23 | Wisp |
| 0:37 | Wisp |
| 0:43 | Ancient of War |
| 0:45 | Wisp |
| 1:06 | Wisp |
| 1:17 | Wisp |
| 1:32 | Wisp |
| 1:47 | Archer |
| 1:51 | Moon Well |
| 2:00 | Wisp |
| 2:00 | Wisp |
| 2:11 | Force of Nature |
| 2:29 | Ancient of War |
| 2:58 | Archer |
| 3:00 | Wisp |
| 3:16 | Archer |
| 3:25 | Hunter's Hall |
| 3:31 | Archer |
| 3:35 | Wisp |
| 3:47 | Archer |
| 3:57 | Tree of Ages |
| 4:41 | Entangling Roots |
| 4:56 | Moon Well |
| 5:00 | Ancient Protector |
| 5:46 | Archer |
| 5:56 | Archer |
| 6:20 | Improved Bows |
| 6:22 | Ancient of Lore |
| 6:24 | Ancient of Lore |
| 7:07 | Tree of Life |
| 7:14 | Force of Nature |
| 7:37 | Ancient Protector |
| 7:42 | Archer |
| 7:46 | Dryad |
| 7:46 | Abolish Magic |
| 8:33 | Tree of Eternity |
| 9:21 | Entangling Roots |
| 9:38 | Peasant |
| 9:38 | Peasant |
| 9:38 | Peasant |
| 9:39 | Peasant |
| 9:49 | Wisp |
| 9:49 | Wisp |
| 9:49 | Wisp |
| 9:53 | Entangling Roots |
| 10:16 | Archer |
| 10:17 | Archer |
| 10:19 | Archer |
| 10:21 | Frost Arrows |
| 10:36 | Scroll of Town Portal |
| 10:37 | Scroll of Healing |
| 10:39 | Scroll of Protection |
| 11:06 | Dryad |
| 11:06 | Dryad |
| 11:14 | Wisp |
| 11:14 | Wisp |
| 11:14 | Wisp |
| 12:26 | Wisp |
| 12:26 | Wisp |
| 12:26 | Wisp |
| Select group | 1121 |
| Right click | 871 |
| Select | 243 |
| Misc. action | 221 |
| Build/train/purchase | 88 |
| Assign group | 70 |
| Use ability | 45 |
| Minimap ping | 9 |
| Item give/drop | 3 |
| Esc | 1 |

| Scroll of Regeneration | 2 | 200 |
| Potion of Healing | 1 | 150 |
| total: | 3 | 350g |
| Peasant | 11 | 825 | / | 0 |
| Rifleman | 8 | 1640 | / | 240 |
| total: | 19 | 2465g | / | 240w |
| Scout Tower | 7 | 210 | / | 140 |
| Guard Tower | 5 | 350 | / | 250 |
| Blacksmith | 1 | 140 | / | 60 |
| Barracks | 1 | 160 | / | 60 |
| Altar of Kings | 1 | 180 | / | 50 |
| Farm | 6 | 480 | / | 120 |
| Lumber Mill | 1 | 120 | / | 0 |
| Arcane Vault | 1 | 130 | / | 30 |
| Town Hall | 1 | 385 | / | 205 |
| Keep | 2 | 640 | / | 420 |
| total: | 19 | 1805g | / | 665w |
| 0:03 | Peasant |
| 0:03 | Peasant |
| 0:31 | Peasant |
| 0:41 | Peasant |
| 0:50 | Blacksmith |
| 0:54 | Barracks |
| 0:55 | Peasant |
| 1:04 | Altar of Kings |
| 1:09 | Peasant |
| 1:20 | Farm |
| 1:27 | Farm |
| 1:30 | Peasant |
| 1:45 | Farm |
| 1:52 | Lumber Mill |
| 2:07 | Peasant |
| 2:17 | Peasant |
| 2:27 | Farm |
| 2:28 | Peasant |
| 2:29 | Peasant |
| 2:32 | Rifleman |
| 2:55 | Improved Lumber Harvesting |
| 3:03 | Rifleman |
| 3:15 | Thunder Clap |
| 3:36 | Rifleman |
| 3:45 | Farm |
| 3:59 | Rifleman |
| 4:11 | Farm |
| 4:14 | Scout Tower |
| 4:20 | Arcane Vault |
| 4:26 | Scout Tower |
| 4:28 | Scout Tower |
| 4:29 | Scout Tower |
| 4:57 | Rifleman |
| 4:57 | Rifleman |
| 4:59 | Guard Tower |
| 5:11 | Storm Bolt |
| 5:14 | Guard Tower |
| 5:34 | Keep |
| 5:46 | Guard Tower |
| 5:56 | Scout Tower |
| 6:29 | Town Hall |
| 6:40 | Guard Tower |
| 6:47 | Scout Tower |
| 6:53 | Scout Tower |
| 7:03 | Black Gunpowder |
| 7:09 | Rifleman |
| 7:12 | Scroll of Regeneration |
| 7:40 | Thunder Clap |
| 8:06 | Studded Leather Armor |
| 8:24 | Potion of Healing |
| 8:25 | Scroll of Regeneration |
| 8:32 | Rifleman |
| Right click | 416 |
| Select | 158 |
| Build/train/purchase | 51 |
| Select group | 43 |
| Chat | 32 |
| Assign group | 11 |
| Misc. action | 9 |
| Use ability | 3 |
| Item give/drop | 2 |
| Esc | 2 |


| Rod of Necromancy | 3 | 450 |
| Potion of Mana | 1 | 200 |
| Potion of Healing | 1 | 150 |
| Orb of Corruption | 1 | 375 |
| Lesser Clarity Potion | 1 | 70 |
| Scroll of Town Portal | 2 | 700 |
| Scroll of Healing | 1 | 250 |
| Scroll of Regeneration | 1 | 100 |
| total: | 11 | 2295g |
| Acolyte | 7 | 525 | / | 0 |
| Ghoul | 2 | 240 | / | 0 |
| Crypt Fiend | 8 | 1720 | / | 320 |
| Frost Wyrm | 2 | 770 | / | 240 |
| Goblin Shredder | 1 | 375 | / | 100 |
| Mortar Team | 1 | 180 | / | 70 |
| total: | 21 | 3810g | / | 730w |
| Spirit Tower | 2 | 290 | / | 80 |
| Crypt | 1 | 200 | / | 50 |
| Graveyard | 1 | 215 | / | 0 |
| Altar of Darkness | 1 | 180 | / | 50 |
| Ziggurat | 8 | 1200 | / | 400 |
| Tomb of Relics | 1 | 130 | / | 30 |
| Boneyard | 4 | 700 | / | 800 |
| Halls of the Dead | 1 | 320 | / | 210 |
| Black Citadel | 1 | 325 | / | 230 |
| total: | 16 | 2625g | / | 1330w |
| 0:04 | Acolyte |
| 0:04 | Acolyte |
| 0:10 | Crypt |
| 0:21 | Graveyard |
| 0:45 | Altar of Darkness |
| 0:57 | Ziggurat |
| 1:13 | Ghoul |
| 1:23 | Tomb of Relics |
| 1:49 | Crypt Fiend |
| 2:00 | Ziggurat |
| 2:22 | Crypt Fiend |
| 2:46 | Rod of Necromancy |
| 2:59 | Death Coil |
| 3:20 | Crypt Fiend |
| 3:22 | Acolyte |
| 3:22 | Acolyte |
| 4:01 | Acolyte |
| 4:03 | Ghoul |
| 4:13 | Acolyte |
| 4:13 | Acolyte |
| 4:17 | Unholy Aura |
| 4:47 | Halls of the Dead |
| 4:56 | Ziggurat |
| 5:36 | Rod of Necromancy |
| 5:49 | Crypt Fiend |
| 6:00 | Goblin Shredder |
| 6:10 | Creature Attack |
| 6:16 | Death Coil |
| 6:36 | Ziggurat |
| 6:38 | Ziggurat |
| 6:39 | Ziggurat |
| 7:20 | Black Citadel |
| 8:03 | Crypt Fiend |
| 8:06 | Creature Carapace |
| 8:13 | Unholy Aura |
| 8:52 | Web |
| 8:55 | Crypt Fiend |
| 9:00 | Ziggurat |
| 9:02 | Rod of Necromancy |
| 9:02 | Potion of Mana |
| 9:02 | Potion of Healing |
| 9:23 | Crypt Fiend |
| 9:28 | Scroll of Town Portal |
| 9:33 | Improved Creature Attack |
| 9:33 | Improved Creature Carapace |
| 9:40 | Frost Nova |
| 9:43 | Boneyard |
| 9:44 | Boneyard |
| 9:48 | Boneyard |
| 9:50 | Boneyard |
| 9:57 | Crypt Fiend |
| 10:03 | Orb of Corruption |
| 10:03 | Scroll of Healing |
| 10:52 | Scroll of Town Portal |
| 11:15 | Lesser Clarity Potion |
| 11:18 | Scroll of Regeneration |
| 11:39 | Frost Wyrm |
| 11:54 | Mortar Team |
| 12:29 | Frost Wyrm |
| 12:30 | Advanced Creature Carapace |
| 12:33 | Ziggurat |
| 12:36 | Spirit Tower |
| 12:38 | Spirit Tower |
| Right click | 348 |
| Select | 195 |
| Select group | 143 |
| Build/train/purchase | 77 |
| Assign group | 38 |
| Misc. action | 29 |
| Use ability | 28 |
| Minimap ping | 8 |
| Item give/drop | 3 |
| Esc | 2 |
110 units @ 16.6k
/ 2.3k
68 buildings @ 10.8k
/ 4k

| Rod of Necromancy | 2 | 300 |
| Sacrificial Skull | 1 | 50 |
| Potion of Mana | 1 | 200 |
| Orb of Corruption | 1 | 375 |
| total: | 5 | 925g |
| Acolyte | 8 | 600 | / | 0 |
| Ghoul | 3 | 360 | / | 0 |
| Necromancer | 7 | 1015 | / | 140 |
| Meat Wagon | 3 | 690 | / | 150 |
| Obsidian Statue | 5 | 1000 | / | 175 |
| Goblin Shredder | 3 | 1125 | / | 300 |
| total: | 29 | 4790g | / | 765w |
| Nerubian Tower | 1 | 100 | / | 20 |
| Crypt | 3 | 600 | / | 150 |
| Altar of Darkness | 1 | 180 | / | 50 |
| Ziggurat | 6 | 900 | / | 300 |
| Graveyard | 2 | 430 | / | 0 |
| Tomb of Relics | 1 | 130 | / | 30 |
| Necropolis | 1 | 225 | / | 0 |
| Temple of the Damned | 2 | 310 | / | 280 |
| Slaughterhouse | 2 | 280 | / | 270 |
| Halls of the Dead | 2 | 640 | / | 420 |
| Black Citadel | 2 | 650 | / | 460 |
| total: | 18 | 3055g | / | 1080w |
| 0:04 | Acolyte |
| 0:04 | Acolyte |
| 0:21 | Crypt |
| 0:22 | Altar of Darkness |
| 0:35 | Ziggurat |
| 0:58 | Graveyard |
| 1:10 | Tomb of Relics |
| 1:23 | Ghoul |
| 1:42 | Ghoul |
| 1:50 | Ziggurat |
| 2:02 | Ghoul |
| 2:22 | Acolyte |
| 2:27 | Carrion Beetles |
| 2:29 | Rod of Necromancy |
| 3:06 | Halls of the Dead |
| 3:16 | Sacrificial Skull |
| 4:15 | Impale |
| 4:22 | Necropolis |
| 4:59 | Ziggurat |
| 5:05 | Goblin Shredder |
| 5:05 | Goblin Shredder |
| 5:05 | Goblin Shredder |
| 5:32 | Temple of the Damned |
| 5:35 | Acolyte |
| 5:35 | Acolyte |
| 5:51 | Black Citadel |
| 5:57 | Carrion Beetles |
| 5:59 | Acolyte |
| 5:59 | Acolyte |
| 6:00 | Acolyte |
| 6:09 | Potion of Mana |
| 6:09 | Rod of Necromancy |
| 6:13 | Temple of the Damned |
| 6:14 | Slaughterhouse |
| 6:36 | Necromancer Adept Training |
| 6:37 | Unholy Armor |
| 6:48 | Ziggurat |
| 6:49 | Nerubian Tower |
| 7:01 | Graveyard |
| 7:04 | Slaughterhouse |
| 7:11 | Skeletal Mastery |
| 7:22 | Necromancer |
| 7:24 | Exhume Corpses |
| 7:41 | Impale |
| 7:59 | Necromancer |
| 8:00 | Meat Wagon |
| 8:00 | Meat Wagon |
| 8:00 | Meat Wagon |
| 8:18 | Necromancer Master Training |
| 8:19 | Ghoul Frenzy |
| 8:20 | Unholy Strength |
| 8:28 | Obsidian Statue |
| 8:44 | Necromancer |
| 8:44 | Necromancer |
| 9:08 | Obsidian Statue |
| 9:10 | Necromancer |
| 9:11 | Ziggurat |
| 9:45 | Orb of Corruption |
| 9:50 | Necromancer |
| 10:09 | Necromancer |
| 10:23 | Crypt |
| 10:49 | Crypt |
| 11:35 | Impale |
| 11:50 | Destroyer Form |
| 11:50 | Obsidian Statue |
| 11:53 | Creature Attack |
| 11:53 | Creature Carapace |
| 11:53 | Improved Creature Carapace |
| 12:18 | Obsidian Statue |
| 12:19 | Stone Form |
| 12:50 | Obsidian Statue |
| 12:53 | Improved Creature Attack |
| 12:53 | Advanced Creature Attack |
| 12:54 | Advanced Creature Carapace |
| 12:55 | Ziggurat |
| Right click | 619 |
| Select group | 401 |
| Select | 341 |
| Build/train/purchase | 167 |
| Misc. action | 166 |
| Assign group | 13 |
| Use ability | 12 |
| Item give/drop | 2 |
| Esc | 1 |


| Healing Salve | 2 | 200 |
| Scroll of Speed | 1 | 50 |
| Tiny Great Hall | 1 | 600 |
| Scroll of Town Portal | 1 | 350 |
| Scroll of Healing | 2 | 500 |
| Boots of Speed | 2 | 500 |
| Potion of Lesser Invulnerability | 1 | 150 |
| Scroll of Protection | 1 | 150 |
| Potion of Invulnerability | 2 | 800 |
| total: | 13 | 3300g |
| Peon | 7 | 525 | / | 0 |
| Wind Rider | 11 | 2915 | / | 440 |
| Troll Batrider | 1 | 160 | / | 40 |
| total: | 19 | 3600g | / | 480w |
| Watch Tower | 4 | 440 | / | 320 |
| Altar of Storms | 1 | 180 | / | 50 |
| Orc Burrow | 6 | 960 | / | 240 |
| War Mill | 1 | 205 | / | 0 |
| Voodoo Lounge | 3 | 390 | / | 90 |
| Beastiary | 2 | 290 | / | 280 |
| Spirit Lodge | 1 | 150 | / | 150 |
| Stronghold | 3 | 945 | / | 570 |
| Fortress | 3 | 975 | / | 570 |
| total: | 18 | 2615g | / | 1130w |
| 0:02 | Peon |
| 0:02 | Peon |
| 0:20 | Altar of Storms |
| 0:27 | Peon |
| 0:34 | Orc Burrow |
| 0:48 | Peon |
| 0:50 | War Mill |
| 1:05 | Peon |
| 1:15 | Peon |
| 1:28 | Peon |
| 1:51 | Stronghold |
| 2:02 | Voodoo Lounge |
| 2:18 | Orc Burrow |
| 2:35 | Endurance Aura |
| 2:48 | Steel Ranged Weapons |
| 3:04 | Watch Tower |
| 3:44 | Healing Salve |
| 3:49 | Scroll of Speed |
| 4:06 | Watch Tower |
| 4:16 | Beastiary |
| 4:25 | Beastiary |
| 4:34 | Orc Burrow |
| 4:51 | Thorium Ranged Weapons |
| 4:55 | Fortress |
| 5:03 | Arcanite Ranged Weapons |
| 5:23 | Boots of Speed |
| 5:27 | Wind Rider |
| 5:38 | Wind Rider |
| 6:11 | Wind Rider |
| 6:24 | Wind Rider |
| 6:24 | Wind Rider |
| 6:24 | Wind Rider |
| 6:36 | War Stomp |
| 6:57 | Wind Rider |
| 7:03 | Orc Burrow |
| 7:28 | Reinforced Defenses |
| 7:38 | Envenomed Spears |
| 8:17 | Orc Burrow |
| 8:21 | Tiny Great Hall |
| 8:31 | Healing Salve |
| 8:38 | Wind Rider |
| 9:22 | War Stomp |
| 9:24 | Healing Wave |
| 9:34 | Wind Rider |
| 10:07 | Scroll of Town Portal |
| 10:08 | Potion of Lesser Invulnerability |
| 10:12 | Scroll of Healing |
| 10:15 | Scroll of Protection |
| 10:16 | Boots of Speed |
| 10:16 | Scroll of Healing |
| 10:28 | Watch Tower |
| 10:54 | Potion of Invulnerability |
| 10:54 | Potion of Invulnerability |
| 11:14 | Steel Armor |
| 11:14 | Thorium Armor |
| 11:39 | Wind Rider |
| 11:45 | Orc Burrow |
| 11:46 | Watch Tower |
| 11:48 | Voodoo Lounge |
| 11:53 | Voodoo Lounge |
| 12:32 | Wind Rider |
| 12:36 | Troll Batrider |
| 12:38 | Spirit Lodge |
| 13:10 | Endurance Aura |
| 13:13 | Hex |
| 13:54 | Arcanite Armor |
| 13:58 | War Stomp |
| Select group | 610 |
| Right click | 584 |
| Chat | 211 |
| Select | 169 |
| Build/train/purchase | 90 |
| Assign group | 28 |
| Use ability | 18 |
| Resource trade | 7 |
| Misc. action | 6 |
| Item give/drop | 5 |
| Minimap ping | 4 |
| Remove unit | 1 |



| Sacrificial Skull | 1 | 50 |
| Orb of Corruption | 1 | 375 |
| Scroll of Town Portal | 1 | 350 |
| Boots of Speed | 1 | 250 |
| Cloak of Flames | 1 | 500 |
| total: | 5 | 1525g |
| Acolyte | 16 | 1200 | / | 0 |
| Ghoul | 4 | 480 | / | 0 |
| Crypt Fiend | 5 | 1075 | / | 200 |
| Obsidian Statue | 2 | 400 | / | 70 |
| Frost Wyrm | 5 | 1925 | / | 600 |
| Meat Wagon | 1 | 230 | / | 50 |
| total: | 33 | 5310g | / | 920w |
| Nerubian Tower | 2 | 200 | / | 40 |
| Crypt | 2 | 400 | / | 100 |
| Graveyard | 2 | 430 | / | 0 |
| Altar of Darkness | 1 | 180 | / | 50 |
| Ziggurat | 8 | 1200 | / | 400 |
| Tomb of Relics | 1 | 130 | / | 30 |
| Necropolis | 1 | 225 | / | 0 |
| Slaughterhouse | 1 | 140 | / | 135 |
| Boneyard | 1 | 175 | / | 200 |
| Halls of the Dead | 2 | 640 | / | 420 |
| Black Citadel | 1 | 325 | / | 230 |
| total: | 17 | 2880g | / | 915w |
| 0:08 | Acolyte |
| 0:10 | Crypt |
| 0:12 | Crypt |
| 0:14 | Graveyard |
| 0:16 | Graveyard |
| 0:23 | Acolyte |
| 0:47 | Altar of Darkness |
| 1:04 | Ziggurat |
| 1:14 | Ghoul |
| 1:47 | Tomb of Relics |
| 1:57 | Crypt Fiend |
| 2:04 | Ziggurat |
| 2:28 | Crypt Fiend |
| 3:00 | Crypt Fiend |
| 3:01 | Nerubian Tower |
| 3:04 | Carrion Beetles |
| 3:04 | Carrion Beetles |
| 3:31 | Sacrificial Skull |
| 3:45 | Crypt Fiend |
| 3:50 | Halls of the Dead |
| 4:16 | Ghoul |
| 4:17 | Ghoul |
| 4:31 | Impale |
| 4:55 | Necropolis |
| 5:19 | Ziggurat |
| 5:22 | Carrion Beetles |
| 6:13 | Boots of Speed |
| 6:17 | Black Citadel |
| 6:21 | Ghoul |
| 6:38 | Nerubian Tower |
| 6:47 | Acolyte |
| 6:47 | Acolyte |
| 6:47 | Acolyte |
| 6:49 | Acolyte |
| 6:49 | Acolyte |
| 6:49 | Acolyte |
| 6:50 | Acolyte |
| 6:50 | Acolyte |
| 6:50 | Acolyte |
| 6:50 | Acolyte |
| 6:50 | Acolyte |
| 6:50 | Acolyte |
| 7:11 | Acolyte |
| 7:11 | Acolyte |
| 7:18 | Death Coil |
| 7:20 | Slaughterhouse |
| 7:25 | Impale |
| 7:44 | Web |
| 7:47 | Ziggurat |
| 8:07 | Creature Attack |
| 8:28 | Obsidian Statue |
| 8:28 | Obsidian Statue |
| 8:40 | Boneyard |
| 8:57 | Unholy Aura |
| 9:36 | Orb of Corruption |
| 9:38 | Frost Nova |
| 9:43 | Scroll of Town Portal |
| 9:51 | Disease Cloud |
| 9:53 | Frost Wyrm |
| 9:58 | Improved Creature Attack |
| 9:58 | Advanced Creature Attack |
| 10:27 | Death Coil |
| 10:36 | Cloak of Flames |
| 10:54 | Ziggurat |
| 10:57 | Ziggurat |
| 10:58 | Ziggurat |
| 11:56 | Frost Wyrm |
| 11:56 | Frost Wyrm |
| 12:02 | Meat Wagon |
| 12:35 | Ziggurat |
| 12:36 | Frost Wyrm |
| 13:10 | Impale |
| 13:28 | Crypt Fiend |
| 13:40 | Frost Wyrm |
| 13:52 | Unholy Aura |
| 13:53 | Frost Nova |
| 13:54 | Frost Armor |
| Select group | 607 |
| Right click | 385 |
| Select | 231 |
| Misc. action | 108 |
| Build/train/purchase | 102 |
| Assign group | 32 |
| Use ability | 23 |
| Chat | 23 |
| Item give/drop | 7 |
| Esc | 2 |

| Scroll of Town Portal | 1 | 350 |
| Boots of Speed | 1 | 250 |
| Claws of Attack +6 | 1 | 125 |
| total: | 3 | 725g |
| Wisp | 19 | 1140 | / | 0 |
| Huntress | 7 | 1365 | / | 140 |
| Archer | 2 | 260 | / | 20 |
| Necromancer | 1 | 145 | / | 20 |
| total: | 29 | 2910g | / | 180w |
| Ancient Protector | 3 | 405 | / | 240 |
| Altar of Elders | 1 | 180 | / | 50 |
| Moon Well | 4 | 720 | / | 160 |
| Hunter's Hall | 1 | 210 | / | 100 |
| Ancient of Wonders | 2 | 180 | / | 60 |
| Ancient of War | 4 | 600 | / | 240 |
| Tree of Ages | 1 | 320 | / | 180 |
| total: | 15 | 2295g | / | 850w |
| 0:01 | Wisp |
| 0:02 | Wisp |
| 0:02 | Wisp |
| 0:11 | Wisp |
| 0:17 | Altar of Elders |
| 0:19 | Wisp |
| 0:31 | Moon Well |
| 0:32 | Wisp |
| 0:40 | Wisp |
| 0:44 | Wisp |
| 0:50 | Wisp |
| 0:58 | Wisp |
| 1:07 | Wisp |
| 1:55 | Hunter's Hall |
| 2:03 | Ancient of Wonders |
| 2:10 | Moon Well |
| 2:17 | Wisp |
| 2:20 | Scout |
| 2:21 | Scout |
| 2:21 | Scout |
| 2:35 | Ancient of War |
| 2:37 | Ancient of War |
| 2:44 | Wisp |
| 3:02 | Ancient Protector |
| 3:04 | Ancient Protector |
| 3:05 | Wisp |
| 3:05 | Wisp |
| 3:41 | Huntress |
| 3:46 | Moon Well |
| 4:04 | Huntress |
| 4:43 | Huntress |
| 4:55 | Huntress |
| 5:33 | Ultravision |
| 5:34 | Huntress |
| 5:52 | Moon Well |
| 6:50 | Huntress |
| 7:07 | Moon Armor |
| 7:08 | Improved Moon Armor |
| 7:24 | Sentinel |
| 8:08 | Huntress |
| 8:18 | Trueshot Aura |
| 8:21 | Ancient Protector |
| 10:00 | Ancient of War |
| 10:00 | Ancient of War |
| 10:27 | Claws of Attack +6 |
| 10:34 | Ancient of Wonders |
| 10:34 | Wisp |
| 10:35 | Wisp |
| 10:35 | Wisp |
| 10:35 | Wisp |
| 10:58 | Scroll of Town Portal |
| 10:59 | Boots of Speed |
| 12:15 | Trueshot Aura |
| 12:21 | Tree of Ages |
| 13:01 | Archer |
| 13:24 | Archer |
| 14:11 | Necromancer |
| Right click | 756 |
| Assign group | 424 |
| Select group | 393 |
| Select | 202 |
| Chat | 187 |
| Build/train/purchase | 76 |
| Resource trade | 75 |
| Misc. action | 47 |
| Minimap ping | 25 |
| Esc | 7 |
| Use ability | 4 |
⇛